Map: [TLMC15] Hardwire

Players

Zoun - Winner!

  • Race: Protoss Protoss

HeroMarine

  • Race: Terran Terran

VOD

Have the link to the VOD?

Description

Time

  • Played on: Oct. 21, 2021, 9:05 a.m.
  • Length: 3:19
Show
View Real Time Build Order
Export as new Build Order

Zoun Protoss - Winner!

Build Orders:  

Get SALT Encoding   

  12  0:00  Probe  
  13  0:12  Probe  
  14  0:16  Pylon  
  14  0:24  Probe (Chrono Boost)  
  16  0:37  Probe (Chrono Boost), Gateway  
  16  0:43  Probe (Chrono Boost)  
  16  0:46  Assimilator  
  17  0:51  Probe  
  18  1:03  Probe  
  19  1:15  Probe  
  20  1:24  Cybernetics Core  
  20  1:28  Zealot  
  22  1:38  Pylon  
  22  1:45  Nexus  
  22  1:50  Probe  
  23  1:55  Assimilator  
  23  1:58  Stalker (Chrono Boost)  
  25  2:10  Shield Battery  
  25  2:18  Probe  
  25  2:21  Stalker (Chrono Boost)  
  28  2:32  Probe  
  29  2:43  Pylon  
  29  2:44  Probe  
  29  2:49  Pylon  
  31  3:00  Probe x2  
  33  3:13  Stargate  
Show
View Real Time Build Order
Export as new Build Order

HeroMarine Terran 

Build Orders:  

Get SALT Encoding   

  12  0:00  SCV  
  13  0:12  SCV  
  14  0:17  Supply Depot  
  14  0:24  SCV  
  15  0:39  SCV  
  16  0:43  Barracks  
  16  0:45  Refinery  
  16  0:51  SCV  
  16  0:55  Refinery  
  17  1:03  SCV  
  18  1:15  SCV  
  19  1:30  Reaper, Orbital Command  
  20  1:41  Supply Depot  
  20  1:43  Factory  
  20  1:55  SCV  
  20  1:59  Bunker  
  21  2:02  Reaper  
  21  2:08  SCV  
  23  2:20  SCV  
  23  2:30  Factory Reactor  
  23  2:33  SCV  
  23  2:35  Command Center  
  24  2:39  Supply Depot  
  24  2:47  Bunker  
  24  2:48  SCV  
  25  3:00  SCV  
  25  3:04  Starport  
Tags
 
Add a new tag
Caveats
  • Supply blocks, unpowered buildings, or Contaminate may cause inaccurate times.
  • Supply counts are checked every 10 seconds.